 Dungeon Crawl Stone Soup version 0.30-a0-341-g682706514a (webtiles) character file.

Game seed: 6522480440723387544

7 NinjaNoafa the Ducker (level 2, 0/22 HPs)
             Began as a Merfolk Gladiator on Nov 3, 2022.
             Slain by a goblin
             ... wielding a +0 club
              (1 damage)
             ... on level 1 of the Dungeon.
             The game lasted 00:00:35 (281 turns).

NinjaNoafa the Ducker (Merfolk Gladiator)            Turns: 281, Time: 00:00:35

Health: 0/22       AC:  4    Str: 14    XL:     2   Next: 4%
Magic:  2/2        EV:  9    Int:  7    God:
Gold:   20         SH: 11    Dex: 15    Spells: 1/1 levels left

rFire   . . .      SeeInvis .    a - +0 rapier
rCold   . . .      Faith    .    i - +0 tower shield
rNeg    . . .      Spirit   .    b - +0 leather armour
rPois   .          Reflect  .    c - +0 helmet
rElec   .          Harm     .    (no cloak)
rCorr   .          Rampage  .    (no gloves)
Will    .....                    (no boots)
Stlth   +.........               (no amulet)
HPRegen 0.23/turn                (no ring)
MPRegen 0.08/turn                (no ring)

@: no status effects
A: (nimble swimmer 2), mertail
a: no special abilities


You were on level 1 of the Dungeon.
You visited 1 branch of the dungeon, and saw 1 of its levels.

You collected 20 gold pieces.

Inventory:

Hand Weapons
 a - a +0 rapier (weapon)
Missiles
 d - 3 throwing nets (quivered)
 e - a javelin
Armour
 b - a +0 leather armour (worn)
 c - a +0 helmet (worn)
 i - a +0 tower shield (worn)
Jewellery
 j - a +4 ring of protection
Scrolls
 f - a scroll of teleportation {unknown}
 g - a scroll of identify {unknown}
 h - a scroll of summoning {unknown}
 k - a scroll of fear {unknown}


   Skills:
 - Level 2.1 Fighting
 + Level 3.8 Short Blades
 - Level 2.0 Throwing
 * Level 4.5 Dodging


You had one spell level left.
You didn't know any spells.
Your spell library was empty.

Dungeon Overview and Level Annotations

Branches:
Dungeon (1/15)

Altars:


Innate Abilities, Weirdness & Mutations

((You are very nimble when in or above water. (Stealth+, EV+, Speed+++)))
Your lower body shifts to a powerful aquatic tail in water.


Message History

You block the frilled lizard's attack. The quokka bites you.
The frilled lizard bites you. The rat bites you. The goblin closely misses you.
You barely miss the frilled lizard. You block the quokka's attack.
The frilled lizard bites you but does no damage.
You block the goblin's attack. The quokka closely misses you.
You block the rat's attack. The quokka attacks as you move away!
You block the quokka's attack.
The frilled lizard attacks as you move away!
The frilled lizard completely misses you.
The rat closely misses you. The goblin attacks as you move away!
You block the goblin's attack. You block the quokka's attack.
You block the goblin's attack. You block the quokka's attack.
You block the quokka's attack. The goblin attacks as you move away!
You block the goblin's attack.
You hit the quokka but do no damage.
The quokka bites you but does no damage.
The quokka barely misses you.
You hit the quokka.
The quokka is moderately wounded.
The quokka closely misses you. The quokka bites you.
You closely miss the quokka.
The quokka is moderately wounded.
The quokka bites you. x2
You barely miss the quokka.
The quokka is moderately wounded.
The quokka barely misses you.
You hit the quokka.
You kill the quokka!
You block the goblin's attack.
You have reached level 2!
You closely miss the goblin. The goblin hits you with a +0 club.
* * * LOW HITPOINT WARNING * * *
You closely miss the goblin. You block the goblin's attack.
You hit the goblin.
The goblin is severely wounded.
The goblin hits you with a +0 club.
* * * LOW HITPOINT WARNING * * *
The goblin hits you with a +0 club.
You die...

#...) #..# #.
#.... #..# #. ...#
#..# #. ###..#
#..# #. ....# #..#
#. #. #..#
###..######. #.
#..####...........
#.
#....†.....#######
#. #@######..## #
##.###g######..#
#.#.....rl.......#
#......#.######.##
#.........#
#.#########
#.........#
#.##.......
#.........#
##.##.######
#.........#
#..##.#
#.......#.#
##.###.#


You could see a goblin, a frilled lizard and a rat.

Vanquished Creatures
  A dart slug (D:1)
  A giant cockroach (D:1)
  A goblin (D:1)
  A quokka (D:1)
  A bat (D:1)
5 creatures vanquished.

Notes
Turn   | Place    | Note
-------+----------+-------------------------------------------
     0 | D:1      | NinjaNoafa the Merfolk Gladiator began the quest for the
                  | Orb.
     0 | D:1      | Reached XP level 1. HP: 16/16 MP: 1/1
   279 | D:1      | Reached XP level 2. HP: 7/22 MP: 2/2
   281 | D:1      | HP: 1/22 [goblin/+0 club (4)]
   281 | D:1      | Slain by a goblin

Illustrated notes

Levels and vault maps discovered:
D:1:      dpeg_arrival_shrine, layout_loops_ring

Action                   || total
-------------------------++-------
Melee: Rapier            ||    36
       Punch             ||     1
Armor: Leather armour    ||    10
Dodge: Dodged            ||    21
Block: Tower shield      ||    25

Table legend: (Time is in decaauts)
 A = Elapsed time spent in this place.
 B = Non-inter-level travel time spent in this place.
 C = Inter-level travel time spent in this place.
 D = Time resting spent in this place.
 E = Time spent auto-exploring this place.
 F = Levels seen in this place.
 G = Mean time per level.
                   A        B        C        D        E       F      G
               +--------+--------+--------+--------+--------+-----+--------+
         Total |    287 |    287 |      0 |      0 |    187 |   1 |  287.0 |
       Dungeon |    287 |    287 |      0 |      0 |    187 |   1 |  287.0 |
               +--------+--------+--------+--------+--------+-----+--------+

Top non-repeatable levels by time:
     D:1: 287 daAuts
